Match 44456888
Unlisted

Match 44456888
End
Panzergrenadier Squad
Selects Panzerjäger Kommand Battlegroup
Panzergrenadier Squad
Selects Blockade Equipment
Kradschützen Motorcycle Team
Panzerpioneer Squad
Construct Light Support Kompanie
Panzerjäger Squad
Fire Support Elements
Selects Defensive Positions
Assault Mechanized Group
Veteran Squad Leaders
Flakvierling Half-track
Vehicle Survival Package
le.IG 18 Support Gun Team
Selects Butterfly Bomb Drop
Construct Panzerarmee Kommand
Butterfly Bomb Drop
Selects Tank Busters
Panzerjäger Mechanized Group
Selects Crew Shock Tactics
Pak 38 Anti-tank Gun Team
Walking Stuka Rocket Launcher
MG34 Team
Panzerpioneer Squad
Selects Anti-tank Overwatch
Walking Stuka Rocket Launcher
Panzerjäger Mechanized Group
Armored Reserves
Crew Shock Tactics
mentoss
Olivine-菜的牛逼,佛了
Globalnaya
Lost
Blue Dragon
KELE
돈이사라지는마술
PudinВеликий вождь
0
0

Comments sign in to comment!

No comments posted yet!